 Dungeon Crawl Stone Soup version 0.32-a0-938-g40ac7a0f4d (webtiles) character file.

Game seed: 14481202927055998570

69 retardedninja the Trooper (level 4, -2/37 HPs)
             Began as a Coglin Fighter on Apr 12, 2024.
             Slain by an orc
             ... wielding a +0 club
              (5 damage)
             ... on level 4 of the Dungeon on Apr 15, 2024.
             The game lasted 00:05:51 (2117 turns).

retardedninja the Trooper (Coglin Fighter)          Turns: 2117, Time: 00:05:52

Health: -2/37      AC: 10    Str: 15 (18) XL:     4   Next: 20%
Magic:  4/4        EV:  6    Int:  5 (7)  God:
Gold:   120        SH:  0    Dex: 12 (14) Spells: 3/3 levels left

rFire   . . .        a - +0 war axe {Ajinder}
rCold   . . .        q - +0 mace {Aida}
rNeg    . . .        c - +0 chain mail
rPois   .            (no helmet)
rElec   .            (no cloak)
rCorr   .            (no gloves)
SInv    .            p - +0 pair of boots
Will    .....        (amulet unavailable) Stlth
                     (ring unavailable)
HPRegen 0.26/turn    (ring unavailable)
MPRegen 0.09/turn    (no gizmo)

%: no passive effects
@: confused, mighty, lethally poisoned (-2 -> -3), revved
A: off-hand wielding, slow wielding, warmup strikes, no jewellery
a: Invent Gizmo, Convert to Beogh


You were on level 4 of the Dungeon.
You visited 1 branch of the dungeon, and saw 4 of its levels.

You collected 120 gold pieces.

Inventory:

Hand Weapons
 a - a +0 war axe (weapon) {Ajinder}
 q - a +0 mace (offhand) {Aida}
Armour
 c - a +0 chain mail (worn)
 p - a +0 pair of boots (worn)
Scrolls
 b - a scroll of revelation {unknown}
 e - 4 scrolls of teleportation {unknown}
 f - 6 scrolls of identify {unknown}
 i - a scroll of poison {unknown}
 j - a scroll of fog {unknown}
 k - a scroll of blinking {unknown}
 m - a scroll of amnesia {unknown}
Potions
 d - a potion of might
 g - a potion of resistance {unknown}
 n - a potion of curing {unknown}


   Skills:
 * Level 3.8 Fighting
 * Level 3.1 Axes
 + Level 3.1 Armour
 - Level 2.1 Shields


You had 3 spell levels left.
You didn't know any spells.
Your spell library was empty.

Dungeon Overview and Level Annotations

Branches:
Dungeon (4/15)
 Temple: D:4-7

Altars:
Ashenzari


Innate Abilities, Weirdness & Mutations

You can wield a second weapon in your off-hand.
It takes a long time for you to wield or remove held weapons.
Your first few attacks do less damage.
You cannot equip rings or amulets.


Message History

It was a potion of heal wounds.
You feel much better.
You feel sick. The adder barely misses you. The orc completely misses you.
The orc hits you from afar with a +0 trident.
The orc hits you with a +0 club. The orc barely misses you. x2
The orc wizard gestures at you while chanting.
The puff of flame hits you.
The orc priest hits you but does no damage.
The adder barely misses you.
You slash the orc with your +0 war axe!
You kill the orc!
You barely miss the orc priest with your +0 war axe.
You closely miss the orc with your +0 war axe.
You miss the orc with your +0 war axe.
You miss the adder with your +0 war axe.
You miss the orc wizard with your +0 war axe.
You miss the orc with your +0 war axe.
You feel sick. The adder bites you. The orc hits you but does no damage.
The orc hits you with a +0 flail. The orc hits you but does no damage. x2
The orc wizard hits you with a +0 dagger.
The orc priest calls down the wrath of Beogh upon you.
Pain shoots through your body!
* * * LOW HITPOINT WARNING * * *
You miss the orc wizard with your +0 war axe.
The orc wizard is almost dead.
You miss the orc with your +0 war axe.
You closely miss the adder with your +0 war axe.
You closely miss the orc with your +0 war axe.
You barely miss the orc priest with your +0 war axe.
You barely miss the orc with your +0 war axe.
You barely miss the orc wizard with your +0 mace.
You feel sick. The adder bites you but does no damage.
The orc hits you from afar with a +0 trident.
* * * LOW HITPOINT WARNING * * *
The orc hits you with a +0 short sword.
* * * LOW HITPOINT WARNING * * *
The orc hits you but does no damage. The orc barely misses you.
The orc wizard barely misses you.
The orc priest looks braver for a moment.
The adder barely misses you. The orc hits you with a +0 club.
You die...

#####
####...#
##......#
###.......##
#..........#
......o)..#
......o@o.#
#...$.ooSo#
#..$...o.#..#
..).....#. ##
.......##.#
#####.. ##
... ....


You could see an orc priest, an orc wizard, an adder and 5 orcs.

Vanquished Creatures
  An adder (D:3)
  3 dart slugs
  4 orcs
  4 ball pythons
  4 endoplasms
  4 giant cockroaches
  5 hobgoblins
  4 quokkas
  4 bats
  4 frilled lizards
  5 goblins
  4 rats
46 creatures vanquished.

Notes
Turn   | Place    | Note
-------+----------+-------------------------------------------
     0 | D:1      | retardedninja the Coglin Fighter began the quest for the
                  | Orb.
     0 | D:1      | Reached XP level 1. HP: 18/18 MP: 1/1
    37 | D:1      | Found a faded altar of an unknown god.
   326 | D:1      | Reached XP level 2. HP: 24/24 MP: 2/2
  1007 | D:2      | Reached XP level 3. HP: 29/29 MP: 3/3
  1214 | D:2      | Upgraded the game from 0.32-a0-928-g1cae6b7ea0 to
                  | 0.32-a0-938-g40ac7a0f4d
  1363 | D:3      | Found a broken altar of Ashenzari.
  1699 | D:3      | Reached XP level 4. HP: 37/37 MP: 4/4
  2117 | D:4      | Slain by an orc

Illustrated notes

Levels and vault maps discovered:
D:1:      minmay_arrival_doors, layout_basic, ebering_ecumenical_altar_abandoned
D:2:      layout_rooms
D:3:      layout_basic, evilmike_ruin_ashenzari, minivault_19,
          chequers_serial_rivers_micro_d, amcnicky_mini_pool_small
D:4:      layout_cave_pods, minmay_temple_entry_glassed_door,
          portal_sewer_entry_f

Skill      XL: |  1  2  3 |
---------------+----------+-----
Armour         | 3 |  3.1
Axes           | 3 |  3.1
Fighting       | |  3.8
Shields        | |  2.1

Action                     |  1- 3 |  4- 6 || total
---------------------------+-------+-------++-------
  Melee: War axe           |    88 |    20 ||   108
         Short sword       |     8 |       ||     8
         Mace              |       |    16 ||    16
    Use: Potion            |       |     3 ||     3
 Armour: Chain mail        |    76 |    50 ||   126
  Dodge: Dodged            |    43 |    23 ||    66

Table legend: (Time is in decaauts)
 A = Elapsed time spent in this place.
 B = Non-inter-level travel time spent in this place.
 C = Inter-level travel time spent in this place.
 D = Time resting spent in this place.
 E = Time spent auto-exploring this place.
 F = Levels seen in this place.
 G = Mean time per level.
                   A        B        C        D        E       F      G
               +--------+--------+--------+--------+--------+-----+--------+
         Total |   2154 |   2079 |     75 |      0 |   1555 |   4 |  538.5 |
       Dungeon |   2154 |   2079 |     75 |      0 |   1555 |   4 |  538.5 |
               +--------+--------+--------+--------+--------+-----+--------+

Top non-repeatable levels by time:
     D:3: 838 daAuts
     D:1: 757 daAuts
     D:2: 549 daAuts
     D:4: 10 daAuts
